 Dungeon Crawl Stone Soup version 0.21.1-1-g345015f (webtiles) character file.

2162 Fang the Cleaver (level 9, -4/55 HPs)
             Began as a Gargoyle Berserker on May 31, 2018.
             Was a High Priest of Trog.
             Killed by divine providence
             ... invoked by an orc priest
              (10 damage)
             ... on level 7 of the Dungeon.
             The game lasted 00:08:52 (7211 turns).

Fang the Cleaver (Gargoyle Berserker)               Turns: 7211, Time: 00:08:53

Health: -4/55      AC: 14    Str: 24    XL:     9   Next: 32%
Magic:  9/9        EV: 13    Int:  8    God:    Trog [*****.]
Gold:   352        SH:  2    Dex:  9    Spells: 8/8 levels left

rFire    . . .     SeeInvis .   a - +0 hand axe
rCold    . . .     Gourm    .   (no shield)
rNeg     + . .     Faith    .   b - +0 animal skin
rPois    ∞         Spirit   .   (no helmet)
rElec    +         Reflect  +   (no cloak)
rCorr    .         Harm     .   (no gloves)
MR       .....                  (no boots)
Stlth    +++.......             B - +2 amulet of reflection
HPRegen  0.18/turn              g - +6 ring of protection
MPRegen  0.11/turn              p - ring of stealth

@: berserk cooldown, slowed, very slow
A: negative energy resistance 1, electricity resistance, unbreathing,
petrification resistance, rot immunity, AC +6
a: Berserk, Trog's Hand, Brothers in Arms, Burn Spellbooks, Renounce Religion


You were on level 7 of the Dungeon.
You worshipped Trog.
Trog was extremely pleased with you.
You were very hungry.

You visited 1 branch of the dungeon, and saw 7 of its levels.
You also visited: Sewer.

You collected 352 gold pieces.

Inventory:

Hand Weapons
 a - a +0 hand axe (weapon)
Missiles
 f - 6 poisoned javelins (quivered)
Armour
 b - a +0 animal skin (worn)
Jewellery
 g - a +6 ring of protection (left hand)
 p - a ring of stealth (right hand)
 s - an uncursed ring of fire
 B - a +2 amulet of reflection (around neck)
Wands
 t - a wand of digging (15)
Scrolls
 d - 2 scrolls of fear {unknown}
 h - 3 scrolls of amnesia {unknown}
 i - 15 scrolls of identify {unknown}
 j - a scroll of fog {unknown}
 l - 3 scrolls of magic mapping {unknown}
 q - 5 scrolls of teleportation
 r - 3 scrolls of remove curse {unknown}
 x - a scroll of random uselessness {unknown}
 y - 3 scrolls of enchant weapon {unknown}
 C - a scroll of silence {unknown}
Potions
 e - a potion of magic {unknown}
 k - a potion of heal wounds {unknown}
 m - a potion of lignification {unknown}
 n - 5 potions of curing
 o - a potion of brilliance {unknown}
 v - 5 potions of flight
 z - a potion of might {unknown}
 A - a potion of berserk rage {unknown}
 D - a potion of agility {unknown}
Books
 u - a book of Debilitation

   Spells                             Type                      Level
   a - Corona                         Hexes                        1
   b - Slow                           Hexes                        2
   c - Inner Flame                    Hexes/Fire                   3
   d - Portal Projectile              Hexes/Translocation          3
   e - Cause Fear                     Hexes                        4
   f - Leda's Liquefaction            Hexes/Earth                  4
   Trog disapproves of the use of such an item.
 w - a book of Changes

   Spells                             Type                      Level
   a - Beastly Appendage              Transmutation                1
   b - Sticks to Snakes               Transmutation                2
   c - Spider Form                    Transmutation/Poison         3
   d - Ice Form                       Ice/Transmutation            4
   e - Blade Hands                    Transmutation                5
   Trog disapproves of the use of such an item.
Comestibles
 c - 12 rations
 E - 2 chunks of flesh


   Skills:
 + Level 6.2 Fighting
 + Level 8.4 Axes
 + Level 2.4 Armour
 + Level 4.6 Dodging
 + Level 4.7 Stealth


You had 8 spell levels left.
You didn't know any spells.

Dungeon Overview and Level Annotations

Branches:
Dungeon (7/15)
 Temple: D:4-7

Altars:
Kikubaaqudgha
Nemelex Xobeh
Vehumet
Wu Jian
Zin
The Shining One

Annotations:
D:7 experimilk's ghost, novice HaHu


Innate Abilities, Weirdness & Mutations

You are resistant to torment.
Your stone body is resilient. (AC +6)
You are immune to poison.
You resist negative energy. (rN+)
You are resistant to electric shocks. (rElec)
You can survive without breathing.
You are immune to petrification.
You are immune to rotting.


Message History

Experimilk's ghost barely misses you.
Unknown command.
You slash experimilk's ghost!
Experimilk's ghost is almost destroyed.
Experimilk's ghost hits you but does no damage.
The orc priest casts a cantrip, but nothing happens.
Experimilk's ghost hits you.
* * * LOW HITPOINT WARNING * * *
Experimilk's ghost freezes you.
* * * LOW HITPOINT WARNING * * *
You hit experimilk's ghost.
Experimilk's ghost is almost destroyed.
You block experimilk's ghost's attack.
Unknown command.
You barely miss experimilk's ghost.
Experimilk's ghost is almost destroyed.
Experimilk's ghost hits you but does no damage.
The orc priest calls down the wrath of Beogh upon you.
Beogh smites you!
You die...

#.........#
.........#
........#
.......
..o..


ooo #W# #@# #.# #.# #.# #.# #.# #.# #.# #.## You could see an orc priest,
experimilk's ghost and 3 orcs.

Vanquished Creatures
  Grinder (D:4)
  An ice beast (D:6)
  A sky beast (D:5)
  An orc warrior (D:7)
  A centaur (D:6)
  3 ogres
  A big kobold (D:6)
  2 bullfrogs
  A scorpion (D:7)
  4 wights (D:6)
  A centaur zombie (D:6)
  2 crimson imps
  3 hounds
  3 orc priests
  2 centaur skeletons
  2 orc wizards
  3 iguanas
  A bullfrog skeleton (D:6)
  Ijyb (D:5)
  A merfolk siren (Sewer)
  4 worker ants
  A merfolk avatar (Sewer)
  A hound skeleton (D:4)
  A howler monkey zombie (D:5)
  3 river rats
  12 adders
  A shadow imp (D:7)
  An ooze (D:6)
  4 worms
  2 dart slugs
  5 leopard geckos
  29 orcs
  7 giant cockroaches
  2 goblins
  9 hobgoblins
  3 quokkas
  5 ball pythons
  4 bats
  6 frilled lizards
  2 jackal skeletons
  13 kobolds
  28 rats
178 creatures vanquished.

Notes
Turn   | Place    | Note
-------+----------+-------------------------------------------
     0 | D:1      | Fang the Gargoyle Berserker began the quest for the Orb.
     0 | D:1      | Reached XP level 1. HP: 14/14 MP: 1/1
   260 | D:1      | Reached XP level 2. HP: 13/19 MP: 2/2
   467 | D:1      | Reached skill level 3 in Axes
  1000 | D:2      | Reached XP level 3. HP: 23/23 MP: 3/3
  1034 | D:2      | Reached skill level 1 in Stealth
  1106 | D:2      | Reached ** piety under Trog
  1513 | D:2      | Found a sparkling altar of Nemelex Xobeh.
  1699 | D:2      | Reached XP level 4. HP: 24/29 MP: 4/4
  1998 | D:3      | Reached skill level 4 in Axes
  1998 | D:3      | Reached XP level 5. HP: 22/33 MP: 5/5
  2479 | D:3      | Found a radiant altar of Vehumet.
  2915 | D:4      | Reached *** piety under Trog
  2956 | D:4      | Found a glowing silver altar of Zin.
  2956 | D:4      | Found a glowing golden altar of the Shining One.
  2978 | D:4      | Noticed Grinder
  2997 | D:4      | Killed Grinder
  2997 | D:4      | Reached skill level 5 in Axes
  2997 | D:4      | Reached XP level 6. HP: 39/39 MP: 6/6
  3504 | D:4      | Reached XP level 7. HP: 44/44 MP: 7/7
  3739 | D:5      | Entered Level 5 of the Dungeon
  3809 | D:5      | Reached skill level 6 in Axes
  4145 | D:5      | Noticed Ijyb
  4161 | D:5      | Killed Ijyb
  4351 | D:5      | Reached skill level 5 in Fighting
  4471 | D:5      | Reached XP level 8. HP: 47/49 MP: 8/8
  4832 | D:5      | Found an ornate altar of the Wu Jian Council.
  4995 | D:5      | Found an ancient bone altar of Kikubaaqudgha.
  5318 | D:6      | Found a glowing drain.
  5342 | Sewer    | Entered a sewer
  5527 | Sewer    | Reached **** piety under Trog
  5870 | D:6      | Reached skill level 7 in Axes
  6506 | D:6      | Reached ***** piety under Trog
  6506 | D:6      | Reached XP level 9. HP: 37/55 MP: 9/9
  6774 | D:6      | Reached skill level 8 in Axes
  7167 | D:7      | Noticed experimilk's ghost (novice HaHu)
  7185 | D:7      | Received a gift from Trog
  7211 | D:7      | Killed from afar by an orc priest

Skill      XL: |  1  2  3  4  5  6  7  8  9 |
---------------+----------------------------+-----
Axes           | 3 4 5 6 7 8 |  8.4
Stealth        | 1 2 3 4 |  4.7
Dodging        | 2 3 4 |  4.6
Fighting       | 4 5 6 |  6.2
Armour         | |  2.4

Action                   |  1- 3 |  4- 6 |  7- 9 || total
-------------------------+-------+-------+-------++-------
Melee: Hand axe          |   135 |   143 |   643 ||   921
Invok: Berserk           |       |     2 |     5 ||     7
       Burn Spellbooks   |       |     1 |       ||     1
 Stab: Sleeping          |     1 |     1 |    15 ||    17
  Eat: Chunk             |     2 |     7 |    14 ||    23
       Ration            |       |       |     1 ||     1
Armor: Animal skin       |    47 |    55 |   241 ||   343
Dodge: Dodged            |    93 |    90 |   319 ||   502
Block: Other             |       |       |     6 ||     6
